[Event "Early-Titled-Tuesday-Blitz-February-06-2024"]
[Site "Chess.com"]
[Date "2024.02.06"]
[Round "7"]
[White "hakanazeri2"]
[Black "DonkyDonkyDonkey"]
[Result "0-1"]
[WhiteElo "2651"]
[BlackElo "2905"]
[TimeControl "180+1"]
[EndTime "9:19:49 PST"]
[Termination "DonkyDonkyDonkey won on time"]

1. Nf3 d5 2. d4 Nf6 3. c4 e6 4. g3 Be7 5. Bg2 O-O 6. O-O a5 7. Nc3 c6 8. Qd3 b6 9. e4 dxc4 10. Qc2 b5 11. h4 b4 12. Na4 Ba6 13. Ne5 c3 14. Rd1 cxb2 15. Bxb2 Bb5 16. Nc5 Nbd7 17.
Ncxd7 Nxd7 18. Nxc6 Rc8 19. d5 Bxc6 20. dxc6 Qc7 21.
Qe2 Ne5 22. Rac1 Bf6 23. f4 Qb6+ 24. Kh2 Ng4+ 25. Qxg4 Bxb2 26. Rc2 Bc3 27. e5 Rxc6 28. Bxc6 Qxc6 29. h5 h6 30. Qe2 Rc8 31. Rd6 Qc5 32. Rc1 Rf8 33. Rcd1 Qc7 34. Qe4 a4 35. Rd7 Qb6 36. Kh3 b3 37. axb3 axb3 38. Qd3 b2 39. Rd8 Bb4 40. Rxf8+ Bxf8 41. Qc2 Qb5 42. Rb1 Qd5 43.
Qxb2 Qf3 44. Kh2 Qxh5+ 45. Kg2 Qf5 46. Re1 g5 47. Qf2 Bb4 48. Rd1 Qe4+ 49. Qf3 Qc2+ 50. Kh3 Be7 51. fxg5 hxg5 52. Rf1 Qh7+ 53. Kg2 Qc2+ 54.
Rf2 Qg6 55. g4 Bc5 56. Rf1 Bd4 57. Qa8+ Kg7 58. Qf3 Bxe5 59. Re1 Bf4 60. Re2 Qf6 61. Qe4 Qh6 62. Qf3 Qh2+ 63. Kf1 Qh6 64. Kg2 Qg6 65. Re1 Qf6 66. Re2 Qd4 67. Qe4 Qd1 68. Qf3 Qc1 69. Rf2 Qc7 70. Re2 Qd6 71. Qc3+ f6 72. Qf3 Kg6 73. Qe4+ Kf7 74. Qh7+ Kf8 75. Qh8+ Kf7 76. Qh7+ Ke8 77. Qg8+ Kd7 78. Qf7+ Qe7 79.
Qg6 Qd6 80. Qxf6 Qd5+ 81. Kf2 Bd6 82. Qf7+ Be7 83. Qf3 Bc5+ 84. Kg2 Kd6 0-1

[Event "Early-Titled-Tuesday-Blitz-February-06-2024"]
[Site "Chess.com"]
[Date "2024.02.06"]
[Round "7"]
[White "nihalsarin"]
[Black "BillieKimbah"]
[Result "1/2-1/2"]
[WhiteElo "3121"]
[BlackElo "2958"]
[TimeControl "180+1"]
[EndTime "9:19:50 PST"]
[Termination "Game drawn by repetition"]

1. a3 a6 2. Nf3 Nf6 3. g3 g6 4. b4 b5 5. Bg2 Bb7 6. O-O Bg7 7. Bb2 O-O 8. d3 d6 9. Nbd2 Nbd7 10. Nb3 Rc8 11.
c4 Nb6 12. Rc1 Na4 13. Ba1 c5 14. Na5 Ba8 15. Re1 Qb6 16. Qd2 Rfd8 17. Rb1 Rb8 18. Rec1 Rdc8 19. h4 Qd8 20. Ne1 Bxg2 21. Nxg2 bxc4 22. dxc4 Qd7 23. Ne3 Nb6 24. Qd3 Qe6 25. Ng2 Bh6 26. e3 Bg7 27. Nf4 Qg4 28. Kg2 Nbd7 29. b5 axb5 30. cxb5 Ne5 31. Qd1 Qxd1 32. Rxd1 Ra8 33. Bc3 Nfd7 34. Nd5 Kf8 35. b6 Rcb8 36. Nc7 Rxa5 37. Bxa5 Nc4 38. Rb5 Nxa3 39. Rb3 Nc4 40. Bc3 Bxc3 41. Rxc3 Ndxb6 42. Rb1 Rc8 43. Nb5 Ra8 44. Nc7 Ra2 45. Kg1 Kg7 46. Ne8+ Kf8 47. Nc7 Kg7 48. Rcb3 Na4 49. Nd5 Nd2 50. Nxe7 Nxb3 51.
Rxb3 Rb2 52. Ra3 Rb4 53. Nd5 Rb1+ 54. Kg2 Nb6 55. Nc7 Nc4 56. Ra8 h5 57. Ne8+ Kh7 58. Ra7 Kg8 59. Nf6+ Kg7 60. Ne4 Rd1 61. Ng5 Ne5 62.
f4 Rd2+ 63. Kf1 Ng4 64. Rxf7+ Kg8 65. Re7 c4 66. Ke1 c3 67. Re8+ Kg7 68. Re7+ Kg8 69.
Rc7 Rd3 70. e4 Rxg3 71. f5 gxf5 72. exf5 Re3+ 73. Kd1 Nf2+ 74. Kc2 Ne4 75. Ne6 Rf3 76. Rg7+ Kh8 77. Rf7 Rf2+ 78. Kc1 c2 79. Rf8+ Kh7 80. Rf7+ Kg8 81. Rf8+ Kh7 82. Rf7+ Kg8 83. Rf8+ Kh7 1/2-1/2

[Event "Early-Titled-Tuesday-Blitz-February-06-2024"]
[Site "Chess.com"]
[Date "2024.02.06"]
[Round "7"]
[White "ValentunHulka"]
[Black "wadsy27"]
[Result "1/2-1/2"]
[WhiteElo "2811"]
[BlackElo "2629"]
[TimeControl "180+1"]
[EndTime "9:19:50 PST"]
[Termination "Game drawn by repetition"]

1. e4 e6 2. d4 d5 3. Nd2 Be7 4. Bd3 c5 5. exd5 Qxd5 6. Ngf3 cxd4 7. Nb3 Nc6 8. Nbxd4 Nxd4 9. Nxd4 Bd7 10. Nf3 Nf6 11.
O-O Bc6 12. Qe2 O-O 13. a3 Rfd8 14. Bf4 Rac8 15. Rad1 Qh5 16. Ne5 Qxe2 17. Bxe2 Rxd1 18. Rxd1 Ba4 19. b3 Be8 20. Nc4 Nd5 21. Bd6 Bf6 22. Bf3 Bb5 23. Bxd5 exd5 24. Rxd5 Bxc4 25. bxc4 Rxc4 26. Rc5 Rxc5 27. Bxc5 b6 28. Bd6 Bd4 29. Kf1 f5 30. Ke2 Kf7 31. f3 Ke6 32. Bb8 a6 33.
Kd3 Bc5 34. a4 Kd5 35. c4+ Kc6 36. Be5 g6 37. h3 Bd6 38. Bd4 h5 39. Be3 Bc5 40.
Bf4 Bf2 41. Bh6 Kc5 42. Bf8+ Kc6 43. Be7 Bc5 44. Bf6 Bd6 45. Bb2 Kc5 46. Ba3+ Kc6 47.
Bc1 Bc5 48. Bd2 Bd6 49. Kd4 Bg3 50. Bb4 a5 51. Ba3 Bf4 52. Bf8 Bg3 53. Bg7 Bf2+ 54.
Kd3 Kc5 55. Bf8+ Kc6 56. Ba3 Bc5 57. Bb2 Bd6 58. Bd4 Bf4 59. Bf2 Bd6 60. Bh4 Bf4 61.
Kd4 Bd6 62. Be1 Bf4 63. Bc3 Bh2 64. Bb2 Bg1+ 65. Kd3 Kc5 66. Ba3+ Kc6 67. g4 Bc5 68. gxh5 gxh5 69. Bb2 Bd6 70. Bd4 Bf4 71. Bf2 Bd6 72. Bh4 Be5 73. Bg5 Bg7 74. Be7 Be5 75. Ke3 Bd6 76.
Bxd6 Kxd6 77. Kf4 Kc5 78. Kxf5 Kxc4 79. Ke4 b5 80. axb5 Kxb5 81. f4 a4 82. f5 a3 83. f6 a2 84. f7 a1=Q 85. f8=Q Qe1+ 86. Kd4 Qd2+ 87. Ke4 Qe1+ 88. Kd4 Qg1+ 89. Ke4 Qe1+ 1/2-1/2

[Event "Early-Titled-Tuesday-Blitz-February-06-2024"]
[Site "Chess.com"]
[Date "2024.02.06"]
[Round "7"]
[White "Korchmar_Vasiliy"]
[Black "Blitzking642"]
[Result "1-0"]
[WhiteElo "2711"]
[BlackElo "2538"]
[TimeControl "180+1"]
[EndTime "9:19:56 PST"]
[Termination "Korchmar_Vasiliy won on time"]

1. e4 e5 2. Nf3 Nc6 3. Bc4 d6 4.
Nc3 Be7 5. O-O Nf6 6. h3 O-O 7. a4 Be6 8. d3 d5 9. exd5 Nxd5 10. Ne4 f6 11. d4 exd4 12. Nxd4 Nxd4 13. Qxd4 Bf7 14. Rd1 Nb4 15. Bxf7+ Rxf7 16. Qxd8+ Rxd8 17. Rxd8+ Bxd8 18. c3 Nd3 19. Be3 Nxb2 20. Rb1 Nxa4 21. Rxb7 Re7 22. Nc5 Nxc5 23. Bxc5 Re1+ 24. Kh2 Kf7 25.
Rxa7 Rc1 26. Bb4 Ke6 27. g4 g6 28. Kg2 h5 29. gxh5 gxh5 30. Ra5 h4 31. Kf3 Be7 32. Ra6+ Kd7 33. Kg4 Bxb4 34. cxb4 Rc4+ 35. f4 Ke7 36. Ra7 Ke6 37. b5 Rc5 38. Ra6+ Kf7 39. Rc6 Rxb5 40. Rxc7+ Kg6 41. Rc3 Rb4 42. Rf3 f5+ 43. Kxh4 Kh6 44.
Kg3 Kh5 45. h4 Rd4 46. Re3 Rc4 47. Rb3 Rd4 48. Rc3 Re4 49. Rc5 Re3+ 50. Kf2 Rh3 51.
Rxf5+ Kg4 52. Rf8 Rxh4 53. Ke3 Rh7 54. Rg8+ Kf5 55. Rg5+ Kf6 56. Ra5 Rb7 57. Ke4 Rb4+ 58.
Kf3 Rb3+ 59. Kg4 Rb1 60. Ra6+ Kf7 61. Kg5 Rb2 62. Ra7+ Kf8 63. f5 Rb6 64. Rc7 Ra6 65. Rc2 Rb6 66. Re2 Ra6 67. Re6 Ra1 68. Kf6 Ra7 69. Rb6 Rf7+ 70. Kg6 Rg7+ 71. Kf6 Rf7+ 72. Ke5 Re7+ 73. Kf4 Rc7 74. Kg5 Kf7 75. Rh6 Rc2 76.
Rh7+ Kg8 77. Ra7 Kf8 78. Kg6 Rc1 79. Ra8+ Ke7 80. f6+ Ke6 81. Re8+ Kd7 82. Kf7 Rh1 83. Re2 1-0

[Event "Early-Titled-Tuesday-Blitz-February-06-2024"]
[Site "Chess.com"]
[Date "2024.02.06"]
[Round "7"]
[White "traviscottofficial"]
[Black "Actuary44"]
[Result "1-0"]
[WhiteElo "2687"]
[BlackElo "2486"]
[TimeControl "180+1"]
[EndTime "9:20:02 PST"]
[Termination "traviscottofficial won by resignation"]

1. b3 e5 2. Bb2 d6 3. e3 f5 4. Nf3 g6 5. d4 e4 6. d5 Nf6 7. Ng5 Bg7 8. h4 h6 9. Nh3 O-O 10. Nf4 Kh7 11. c4 c5 12. Be2 Na6 13. Nd2 Nc7 14. Nf1 a6 15. a4 Rb8 16. a5 b5 17. axb6 Rxb6 18. Ng3 Bd7 19. Qc2 Qb8 20. Bd1 Qb7 21. h5 g5 22. Ng6 Rb8 23. Ne7 Rxb3 24. Bc1 Nfxd5 25. cxd5 Bxa1 26. Nexf5 Bxf5 27. Nxf5 Qxd5 28.
Ne7 Qd3 29. Nc6 Bc3+ 30. Bd2 Qxc2 31. Bxc2 Rb1+ 32. Ke2 R1b2 33. Bxe4+ Kg7 34. Nxb8 Bxd2 35. Nc6 d5 36. Bg6 Bc3+ 37. Kf3 Bf6 38. Rc1 Ne6 39. Bf5 g4+ 40. Kxg4 Kf7 41. Bxe6+ Kxe6 42. Rxc5 Rxf2 43. Ra5 Rxg2+ 44. Kf3 Rh2 45. Rxa6 Kf5 46. Nb4 Rh3+ 47. Ke2 Ke4 48. Rxf6 Rxh5 49. Rf4+ Ke5 50. Kd3 Rh3 51.
Nc6+ Kd6 52. Nd4 h5 53. Nf5+ Ke5 54. Nh4 Rh1 55. Nf3+ Kd6 56. Rf5 h4 57. Rh5 h3 58.
Ke2 Kc5 59. Nd2 Kb4 60. Rxd5 h2 61. Rh5 Kc3 62. Ne4+ Kc4 63. Nf2 Ra1 64. Rxh2 Ra2+ 65. Kf3 Kd5 66. Rh5+ Ke6 67. Ne4 Ra1 68. Ng3 Kf6 69.
Rh6+ Kg5 70. Rb6 Ra3 71. Rb5+ Kf6 72. Kf4 Ke6 73. e4 Ra1 74. Rb6+ Kd7 75. Nf5 Rf1+ 76. Ke5 Kc7 77. Rh6 Kd7 78. Rh7+ Kc6 79. Nd4+ Kb6 80.
Kd5 Rd1 81. e5 Rg1 82. e6 Rg5+ 83. Kd6 Rg6 84. Nc6 Kb5 85. Ne5 Rf6 86. Kd7 Rf5 87. Nf7 Kc5 88. e7 Rd5+ 89. Kc7 1-0

[Event "Early-Titled-Tuesday-Blitz-February-06-2024"]
[Site "Chess.com"]
[Date "2024.02.06"]
[Round "7"]
[White "adotand"]
[Black "Polish_fighter3000"]
[Result "0-1"]
[WhiteElo "2891"]
[BlackElo "3063"]
[TimeControl "180+1"]
[EndTime "9:20:06 PST"]
[Termination "Polish_fighter3000 won on time"]

1. d4 Nf6 2. c4 g6 3. Nc3 d5 4.
Nf3 Bg7 5. h4 c6 6. cxd5 cxd5 7.
Bf4 O-O 8. e3 Nc6 9. Be2 Ne4 10.
Nxe4 dxe4 11. Nd2 e5 12. dxe5 Nxe5 13. Nxe4 Bf5 14. Qxd8 Rfxd8 15. Nc3 Nd3+ 16. Bxd3 Bxd3 17. f3 b5 18. a3 a5 19. Kf2 b4 20. axb4 axb4 21. Rxa8 Rxa8 22. Nd5 b3 23. Nb4 Bc2 24. Rc1 Bxb2 25. Rxc2 bxc2 26. Nxc2 Bc3 27. Kg3 Ra2 28. Nd4 Bxd4 29. exd4 Ra5 30. Be5 Kf8 31. Bd6+ Kg7 32. Be5+ f6 33. Bf4 Kf7 34. Kg4 Ra2 35. Kg3 Ke6 36. Be3 Re2 37. Bg1 f5 38. Kh3 f4 39. Bh2 Kf5 40. g4+ fxg3 41. Bxg3 Re3 42. Kg2 Ke6 43. Be5 Ra3 44. Kg3 Kf5 45. Kg2 Ra8 46.
Kg3 Rf8 47. Kg2 Ke6 48. Kg3 Rf5 49. Kg4 Kd5 50. Kg3 Kc4 51. f4 Kd5 52. Kf3 Rf7 53. Kg4 Ke4 54. h5 gxh5+ 55. Kxh5 Kf5 56. d5 Rd7 57. d6 Ra7 58. Kh6 Rb7 59. Bg7 Kxf4 60.
Kxh7 Kf5 61. Kh6 Ke6 62. Bc3 Kxd6 63. Kg5 Kd5 64. Kf4 Rf7+ 65. Kg3 Rh7 66. Kg2 Ke4 67.
Ba5 Rh6 68. Bb4 Rc6 69. Be1 Kf4 70. Bd2+ Ke4 71. Be1 Rc1 72. Bf2 Kf4 73. Bg1 Rc2+ 74. Kh1 Kg3 75. Ba7 Rh2+ 76. Kg1 Re2 77. Kh1 Kf3 78. Bb6 Rb2 79. Ba7 Kg3 80. Bd4 Rd2 81. Bg1 Rd3 82. Bb6 Rd5 83. Bc7+ Kf2 84. Bb8 Rh5+ 85.
Bh2 Rg5 86. Bf4 Rg1+ 87. Kh2 Rg4 0-1

[Event "Early-Titled-Tuesday-Blitz-February-06-2024"]
[Site "Chess.com"]
[Date "2024.02.06"]
[Round "7"]
[White "abhidabhi"]
[Black "Suleyman_Chess06"]
[Result "1/2-1/2"]
[WhiteElo "2907"]
[BlackElo "2683"]
[TimeControl "180+1"]
[EndTime "9:20:09 PST"]
[Termination "Game drawn - insufficient material"]

1. e4 e6 2. d4 d5 3. e5 c5 4. c3 Nc6 5. Nf3 Qb6 6. Be2 cxd4 7. cxd4 Nh6 8. Nc3 Nf5 9. Na4 Qa5+ 10. Bd2 Bb4 11. Bc3 b5 12. a3 Bxc3+ 13. Nxc3 a6 14.
O-O Qb6 15. Rc1 Ncxd4 16. Bd3 Bb7 17. Nxd4 Nxd4 18. Qh5 h6 19. Bb1 O-O 20. Rfe1 f5 21.
Rcd1 Nc6 22. Rd3 Ne7 23. Ne2 Bc6 24. Nf4 Be8 25. Qh3 Bf7 26. g4 Ng6 27. Rf3 Nxf4 28. Rxf4 Bg6 29. gxf5 Bxf5 30. Bxf5 Rxf5 31. Rxf5 exf5 32.
e6 Qd6 33. Qxf5 Rf8 34. Qg4 Qe7 35. Re5 Qf6 36. Qd4 Qg6+ 37. Kf1 Qb1+ 38. Re1 Qf5 39. e7 Re8 40. Re3 Qb1+ 41. Kg2 Qg6+ 42. Kh3 Qf5+ 43. Qg4 Qxg4+ 44. Kxg4 Kf7 45. Kf5 d4 46. Rd3 Rxe7 47. Rxd4 g6+ 48. Kf4 Re2 49. Rd7+ Ke6 50. Ra7 Rxf2+ 51.
Kg3 Rxb2 52. Rxa6+ Kf5 53. Rb6 Rb3+ 54. Kg2 Rxa3 55.
Rxb5+ Kg4 56. Rb4+ Kh5 57. h4 Rd3 58. Kh2 g5 59.
hxg5 hxg5 60. Kg2 Rd2+ 61. Kg3 Ra2 62. Rc4 Ra3+ 63. Kg2 Kg6 64. Rc6+ Kf5 65. Rc5+ Kg6 66. Rc6+ Kh5 67. Rc4 Rd3 68. Rb4 Rd5 69. Ra4 Rf5 70. Rb4 g4 71. Rb8 Kg5 72. Rg8+ Kf4 73. Rh8 Ra5 74.
Rf8+ Kg5 75. Rg8+ Kf4 76. Rf8+ Rf5 77. Rxf5+ Kxf5 78. Kg3 Kg5 79. Kg2 Kf4 80. Kf2 g3+ 81. Kg2 Kg4 82. Kg1 Kf3 83. Kf1 Kf4 84. Kg2 Kg4 85. Kg1 g2 86. Kxg2 1/2-1/2

[Event "Early-Titled-Tuesday-Blitz-February-06-2024"]
[Site "Chess.com"]
[Date "2024.02.06"]
[Round "7"]
[White "ATM622"]
[Black "DDTerziev04"]
[Result "1-0"]
[WhiteElo "2440"]
[BlackElo "2306"]
[TimeControl "180+1"]
[EndTime "9:20:19 PST"]
[Termination "ATM622 won by resignation"]

1. d4 Nf6 2. c4 d6 3. g3 g6 4.
Bg2 Bg7 5. Nf3 O-O 6. O-O c5 7.
Nc3 a6 8. b3 Nc6 9. Bb2 Bf5 10.
dxc5 dxc5 11. Nd5 Nxd5 12. Bxg7 Kxg7 13. cxd5 Nb4 14. Nh4 a5 15. Nxf5+ gxf5 16. a3 Na6 17.
Qd2 Qd6 18. Qg5+ Qg6 19. Qxe7 Rab8 20. Qe5+ f6 21. Qc3 Rfd8 22. Qxa5 Rd6 23. f4 Qe8 24. Qd2 Rbd8 25. Rad1 b6 26. Qd3 Nc7 27. Qxf5 Qe3+ 28. Kh1 Qxb3 29. Be4 Rh8 30. Qg4+ Kf7 31. Qh5+ Kg7 32.
Qg4+ Kf7 33. Rd3 Qc4 34. Re3 Nxd5 35. Qh5+ Kg7 36. Bxd5 Qxd5+ 37. Qxd5 Rxd5 38. Re7+ Kg6 39. f5+ Rxf5 40. Rxf5 Kxf5 41. e4+ Kg6 42. Re6 Rb8 43. e5 Kf5 44. Rxf6+ Kxe5 45. Rc6 Rb7 46. Kg2 Kd4 47. Kf2 c4 48. Ke2 b5 49. Kd2 Rf7 50. Rd6+ Kc5 51.
Rh6 Rf2+ 52. Kc3 Rf3+ 53. Kb2 Rf7 54. Rh5+ Kb6 55. a4 b4 56. Rb5+ Kc6 57. Rxb4 Rf2+ 58.
Kc3 Rxh2 59. Rxc4+ Kb6 60. Rh4 Rg2 61. Rh3 Ka5 62.
Kb3 h5 63. Rxh5+ Kb6 64. Rg5 Ka6 65. g4 Kb6 66. Rb5+ Ka6 67. g5 Rg3+ 68. Kb2 Rg4 69. Ka3 Rg3+ 70. Kb4 Rg4+ 71. Kb3 Rg3+ 72. Kc2 Rg4 73.
Kd3 Rxa4 74. Rf5 Kb6 75. Ke3 Kc6 76. Kf3 Ra3+ 77. Kg4 Kd7 78. g6 Ke7 79. Kg5 Rg3+ 80.
Kh6 Ke6 81. Rf1 Rh3+ 82. Kg7 Ke7 83. Re1+ Kd7 84. Kf7 Rf3+ 85. Kg8 Rg3 86. g7 Kd6 87. Re4 Rg1 88. Kf7 Rf1+ 89. Kg6 Rg1+ 90. Kf6 Kd5 91.
Re5+ Kd6 92. Rg5 Rf1+ 93. Kg6 1-0

[Event "Early-Titled-Tuesday-Blitz-February-06-2024"]
[Site "Chess.com"]
[Date "2024.02.06"]
[Round "7"]
[White "Ural_bogatyr"]
[Black "alexrustemov"]
[Result "1-0"]
[WhiteElo "2570"]
[BlackElo "2747"]
[TimeControl "180+1"]
[EndTime "9:20:46 PST"]
[Termination "Ural_bogatyr won on time"]

1. d4 d5 2. Nc3 Nf6 3. Bf4 a6 4. e3 c5 5. dxc5 e6 6. Na4 Bxc5 7. Nxc5 Qa5+ 8. c3 Qxc5 9. Nf3 O-O 10. Bd3 b6 11. O-O Bb7 12. Ne5 Nbd7 13. Qf3 Qe7 14.
Qh3 Nxe5 15. Bxe5 h6 16. Qg3 Rac8 17. Bd6 Qd7 18. Bxf8 Kxf8 19. a4 a5 20. h3 Ne8 21.
Bb5 Qd6 22. Qh4 Nf6 23. Rad1 Qe5 24. Qd4 Qc7 25. Rc1 Qc5 26. Rfd1 Ke7 27. c4 Qxd4 28.
Rxd4 Ne4 29. Rcd1 Nc5 30. cxd5 Bxd5 31. f3 Rc7 32. e4 Bb3 33. Rc1 e5 34. Rd2 Be6 35.
Rc3 g5 36. Kf2 h5 37. Ke3 h4 38. Rdc2 Kd6 39. Rd2+ Ke7 40. Rd1 f6 41. Ra1 Bb3 42.
Rac1 Kd6 43. Kf2 Be6 44. Ke3 Bb3 45. Kf2 Be6 46. Rd1+ Ke7 47. Ke3 Bb3 48. Rd2 Be6 49. Rc1 Bb3 50. Re2 Rb7 51. Rd2 Ra7 52. Rc3 Be6 53. Rdc2 Rc7 54. Kd2 Kd6 55. Ke3 Ke7 56.
Rd2 Bb3 57. Rf2 Be6 58. Rd2 Bb3 59. Rf2 Be6 60. Rf1 Bb3 61. Rfc1 Be6 62. Ke2 Kd6 63. Kd2 Ke7 64. Ke3 Kd6 65. Rd1+ Ke7 66. Rcc1 Rc8 67. Rd2 Rc7 68. Rdd1 Rc8 69. Bc4 Bd7 70. b3 Rc7 71. Rd2 Bc6 72. Rcd1 Bd7 73. Rd6 Rc6 74. Rxc6 Bxc6 75. Kd2 Bd7 76. Kc3 Bc6 77. Bd5 Bd7 78.
Kc4 Be8 79. Kc3 Bd7 80. Bc4 Bc6 81.
Bb5 Bb7 82. b4 axb4+ 83. Kxb4 Bc8 84. a5 Ne6 85. a6 Nc7 86. Rc1 Kd6 87. Rc6+ Kd7 88. Rxb6+ Ke7 89. Rc6 Kd7 90. Rxf6+ Ke7 91. Rc6 Kd8 92. Kc5 Ne6+ 93. Kb6 Nd4 94. Rd6+ Ke7 95.
Rxd4 exd4 96. a7 Bb7 97. Kxb7 Kd6 98. a8=Q Kc5 99. Qd8 Kb4 100. Qxd4+ Kb3 101. Qc4+ 1-0

[Event "Early-Titled-Tuesday-Blitz-February-06-2024"]
[Site "Chess.com"]
[Date "2024.02.06"]
[Round "7"]
[White "tusplingher"]
[Black "Roedor"]
[Result "1/2-1/2"]
[WhiteElo "2448"]
[BlackElo "2335"]
[TimeControl "180+1"]
[EndTime "9:20:47 PST"]
[Termination "Game drawn by 50-move rule"]

1. e4 e5 2. Nf3 Nc6 3. Nc3 Nf6 4. d4 exd4 5. Nxd4 Bb4 6. Nxc6 bxc6 7. Bd3 d5 8. exd5 cxd5 9. O-O O-O 10. Qf3 c6 11. h3 Be6 12. Bf4 Bd6 13. a3 Rb8 14. Na4 Bxf4 15. Qxf4 h6 16. b4 Nd7 17. Rad1 Qe7 18. Qe3 Nb6 19. Nc5 Rbd8 20. Rfe1 Rfe8 21. Qg3 Qg5 22. Qxg5 hxg5 23. Re5 g4 24. Nxe6 Rxe6 25. Rxe6 fxe6 26. hxg4 e5 27. Bf5 Kf7 28. Rd3 e4 29.
Rc3 g6 30. Rxc6 gxf5 31. gxf5 d4 32. Kf1 d3 33. cxd3 exd3 34. Ke1 d2+ 35. Kd1 Na4 36. Rc2 Kf6 37. g4 Rd3 38. Rxd2 Rxa3 39. Rd6+ Ke5 40. Re6+ Kd4 41. f6 Rf3 42. Ke2 Rf4 43. g5 Nc3+ 44.
Ke1 Ne4 45. g6 Nxf6 46. Kf1 Ne4 47. Kg1 Rg4+ 48. Kh2 Rg5 49. f4 Rg4 50. f5 Kd5 51.
Re7 a6 52. g7 Nf6 53. Kh3 Rg5 54. Re6 Ng8 55. Rxa6 Rxf5 56. Ra8 Nh6 57. Rh8 Rg5 58. Rxh6 Rxg7 59. Rb6 Rc7 60. Kg3 Rc3+ 61. Kf4 Rb3 62. Kf5 Kc4 63. Ke5 Rxb4 64. Rd6 Rb5+ 65. Ke4 Rh5 66.
Rd4+ Kc5 67. Rd8 Rh4+ 68. Kd3 Rh3+ 69. Kc2 Rh2+ 70. Kc3 Rh3+ 71. Kc2 Kc4 72. Rc8+ Kb4 73. Rb8+ Kc4 74. Rc8+ Kd4 75. Rd8+ Ke5 76. Re8+ Kd6 77.
Re2 Rg3 78. Rf2 Ra3 79. Kd2 Ke5 80. Re2+ Kd4 81. Ke1 Kd3 82. Kf2 Ra8 83. Re3+ Kd4 84. Rf3 Ra2+ 85. Kg3 Ke4 86. Rf6 Ra1 87. Rf4+ Ke5 88. Rf3 Rg1+ 89. Kf2 Rg8 90. Re3+ Kd4 91. Rf3 Rg7 92. Rf6 Ke5 93. Ra6 Rh7 94. Kf3 Rh3+ 95.
Kg4 Rh1 96. Ra5+ Ke6 97. Kf4 Rh4+ 98. Kg5 Rh1 99. Ra6+ Ke5 100. Ra5+ Kd4 101. Kf6 Rh6+ 102. Ke7 Rb6 103. Rg5 Ke4 104. Kd7 Kf4 105. Rc5 Ke4 106. Kc7 Rh6 107. Rc1 Rh7+ 108. Kd6 Rh8 109. Ke7 Rh6 110. Kf7 Ra6 111. Re1+ Kf5 112. Rf1+ Ke5 113. Kg7 Ra7+ 1/2-1/2

[Event "Early-Titled-Tuesday-Blitz-February-06-2024"]
[Site "Chess.com"]
[Date "2024.02.06"]
[Round "8"]
[White "kecalk"]
[Black "BestStelker"]
[Result "1/2-1/2"]
[WhiteElo "2521"]
[BlackElo "2696"]
[TimeControl "180+1"]
[EndTime "9:22:20 PST"]
[Termination "Game drawn by repetition"]

1. e4 e6 2. d4 d5 3. exd5 exd5 4. Nf3 Nf6 5. Bd3 c5 6. O-O c4 7. Re1+ Be7 8. Bf1 O-O 9. b3 cxb3 10. axb3 Nc6 11.
c3 Ne4 12. Nfd2 Nf6 13. Nf3 Ne4 14. Nfd2 Nf6 15. Nf3 1/2-1/2

[Event "Early-Titled-Tuesday-Blitz-February-06-2024"]
[Site "Chess.com"]
[Date "2024.02.06"]
[Round "8"]
[White "Arystanner"]
[Black "Yan_Dyomin2010"]
[Result "1-0"]
[WhiteElo "2870"]
[BlackElo "2586"]
[TimeControl "180+1"]
[EndTime "9:23:36 PST"]
[Termination "Arystanner won by resignation"]

1. d4 Nf6 2. Nf3 g6 3. Nbd2 Bg7 4. e4 d5 5. e5 Ne4 6. Bd3 Nxd2 7. Bxd2 O-O 8. h4 h5 9. Ng5 c5 10. c3 Nc6 11. Be3 cxd4 12. cxd4 e6 13. O-O Bd7 14. a3 Na5 15. Rc1 Rc8 16. Rxc8 Qxc8 17. g4 hxg4 18.
Qxg4 a6 19. h5 Qe8 20. hxg6 fxg6 21. Qh3 Rf4 1-0

[Event "Early-Titled-Tuesday-Blitz-February-06-2024"]
[Site "Chess.com"]
[Date "2024.02.06"]
[Round "8"]
[White "DarZay"]
[Black "xakevicius91"]
[Result "0-1"]
[WhiteElo "2292"]
[BlackElo "2610"]
[TimeControl "180+1"]
[EndTime "9:23:56 PST"]
[Termination "xakevicius91 won by resignation"]

1. e4 c5 2. Nf3 a6 3. d4 cxd4 4. Nxd4 Nf6 5. Nc3 e5 6. Nb3 Bb4 7. Bd3 Nc6 8. O-O Bxc3 9. bxc3 O-O 10. Bg5 d6 11. Kh1 Be6 12. f4 h6 13. Bh4 exf4 14.
Nd4 g5 15. Bf2 Ne5 16. Nxe6 fxe6 17. Bd4 Qe7 18. Qf3 Nxf3 0-1

[Event "Early-Titled-Tuesday-Blitz-February-06-2024"]
[Site "Chess.com"]
[Date "2024.02.06"]
[Round "8"]
[White "vovachesss"]
[Black "yobdc"]
[Result "1-0"]
[WhiteElo "2835"]
[BlackElo "2609"]
[TimeControl "180+1"]
[EndTime "9:24:14 PST"]
[Termination "vovachesss won by resignation"]

1. e4 c5 2. Nf3 Nf6 3. e5 Nd5 4. Nc3 Nxc3 5. dxc3 Nc6 6. Bf4 Qb6 7. Rb1 Qc7 8. Bd3 e6 9. Bg3 b6 10. Qe2 h6 11.
O-O Bb7 12. Nd2 d5 13. c4 Ne7 14. cxd5 Nxd5 15. Ne4 Qc6 16. Bb5 O-O-O 17. Bxc6 Bxc6 18.
Nd6+ Bxd6 19. exd6 Rhe8 20. Qa6+ Bb7 21. Qxa7 e5 22. c4 1-0

[Event "Early-Titled-Tuesday-Blitz-February-06-2024"]
[Site "Chess.com"]
[Date "2024.02.06"]
[Round "8"]
[White "NFChess13"]
[Black "korkmaz16"]
[Result "1-0"]
[WhiteElo "2650"]
[BlackElo "2513"]
[TimeControl "180+1"]
[EndTime "9:24:25 PST"]
[Termination "NFChess13 won by resignation"]

1. Nf3 d5 2. g3 Nf6 3. Bg2 g6 4. O-O Bg7 5. d4 O-O 6. c4 c6 7.
cxd5 cxd5 8. Ne5 Nc6 9. Nc3 Ng4 10. Nxc6 bxc6 11. h3 Nf6 12. Bf4 Bf5 13. Rc1 Ne4 14.
Nxe4 Bxe4 15. Rxc6 Bxg2 16. Kxg2 Qa5 17. a3 Qb5 18.
Rc2 Rac8 19. Be5 Bxe5 20. dxe5 d4 21. Rxc8 Qd5+ 22. e4 Qxe4+ 23. f3 Qxe5 24. Rxf8+ Kxf8 25. Re1 Qd5 26. Qd3 e5 27. Qe4 1-0

[Event "Early-Titled-Tuesday-Blitz-February-06-2024"]
[Site "Chess.com"]
[Date "2024.02.06"]
[Round "8"]
[White "ccccvhhhj"]
[Black "miraitrunks"]
[Result "1-0"]
[WhiteElo "2443"]
[BlackElo "2157"]
[TimeControl "180+1"]
[EndTime "9:24:42 PST"]
[Termination "ccccvhhhj won by resignation"]

1. d4 e6 2. Nc3 d5 3. Bf4 Nf6 4.
f3 Bd6 5. Bg5 Be7 6. e3 O-O 7. h4 h6 8. Bf4 Bd6 9. Bxd6 Qxd6 10.
Nge2 e5 11. Qd2 exd4 12. exd4 Nc6 13. O-O-O Rb8 14. g4 b5 15. g5 hxg5 16. hxg5 Nh7 17.
Nf4 Nxg5 18. Qh2 f6 19. Bd3 f5 20. Qh8+ Kf7 21. Qh5+ Kg8 22. Qxg5 1-0

[Event "Early-Titled-Tuesday-Blitz-February-06-2024"]
[Site "Chess.com"]
[Date "2024.02.06"]
[Round "8"]
[White "FARIZA2018"]
[Black "Cubitas"]
[Result "1-0"]
[WhiteElo "2530"]
[BlackElo "2693"]
[TimeControl "180+1"]
[EndTime "9:24:57 PST"]
[Termination "FARIZA2018 won by resignation"]

1. e4 e6 2. d4 d5 3. Nd2 dxe4 4. Nxe4 Nf6 5. Nxf6+ gxf6 6. Nf3 Nc6 7. c3 a6 8. Bd3 f5 9. O-O Rg8 10. Kh1 b5 11. a4 Bb7 12. axb5 axb5 13. Rxa8 Qxa8 14. Bxb5 Kd8 15. d5 exd5 16. Qxd5+ Bd6 17. Qxf7 Ne7 18. Bg5 Bd5 19. Bxe7+ Bxe7 20. Rd1 1-0

[Event "Early-Titled-Tuesday-Blitz-February-06-2024"]
[Site "Chess.com"]
[Date "2024.02.06"]
[Round "8"]
[White "Kapitan_Bayan"]
[Black "Ati1517"]
[Result "1-0"]
[WhiteElo "2387"]
[BlackElo "2257"]
[TimeControl "180+1"]
[EndTime "9:25:10 PST"]
[Termination "Kapitan_Bayan won by checkmate"]

1. e4 c5 2. Nf3 d6 3. d4 cxd4 4. Nxd4 Nf6 5. f3 a6 6. c4 e6 7. Nc3 Be7 8. Be3 O-O 9. Qd2 Nc6 10. Be2 Bd7 11. O-O Nxd4 12. Bxd4 Rc8 13. Rac1 e5 14. Be3 Be6 15. b3 h6 16. Rfd1 Kh8 17. a4 Qa5 18. Nd5 Qxd2 19. Bxd2 Nxd5 20. cxd5 Bd7 21. a5 f5 22. Be3 fxe4 23. fxe4 Bg5 24. Bxg5 hxg5 25.
h3 Bb5 26. Bg4 Rxc1 27. Rxc1 Rf7 28. Bf5 g6 29. Bxg6 Rf4 30. Bf5 Bd3 31. g3 Rf3 32.
Kg2 Re3 33. Rc8+ Kg7 34. Rc7+ Kh6 35. Rh7# 1-0

[Event "Early-Titled-Tuesday-Blitz-February-06-2024"]
[Site "Chess.com"]
[Date "2024.02.06"]
[Round "8"]
[White "margarita_2703"]
[Black "bazar-wokzal"]
[Result "0-1"]
[WhiteElo "2364"]
[BlackElo "2616"]
[TimeControl "180+1"]
[EndTime "9:25:14 PST"]
[Termination "bazar-wokzal won by resignation"]

1. e4 Nc6 2. Nf3 d5 3. exd5 Qxd5 4. Nc3 Qa5 5. d4 Bg4 6. Bc4 O-O-O 7. Be3 e5 8. d5 e4 9. h3 exf3 10. hxg4 fxg2 11.
Rg1 Bb4 12. Bd2 Ne5 13. Bb3 Re8 14. Rxg2 Nf3+ 15. Kf1 Qa6+ 16. Nb5 Nxd2+ 17. Kg1 Re1+ 0-1

[Event "Early-Titled-Tuesday-Blitz-February-06-2024"]
[Site "Chess.com"]
[Date "2024.02.06"]
[Round "8"]
[White "Huragan007"]
[Black "CFN_Good_Evening"]
[Result "1-0"]
[WhiteElo "2595"]
[BlackElo "2030"]
[TimeControl "180+1"]
[EndTime "9:25:19 PST"]
[Termination "Huragan007 won by resignation"]

1. e4 c5 2. b3 Nc6 3. Bb2 e5 4.
Bc4 Nf6 5. d3 Bd6 6. Ne2 a6 7. a4 O-O 8. O-O Rb8 9. f4 Bc7 10. Nbc3 d6 11. f5 Ba5 12. Nd5 Nd4 13. Bc1 Nxd5 14. Bxd5 Nxe2+ 15. Qxe2 Bc3 16. Rb1 Kh8 17. Qh5 f6 18. Rf3 Bd4+ 19. Kh1 Qe8 20. Qxh7+ 1-0